 Seeded DCSS version 0.27.1-2-g3b301248ec (webtiles) character file.

Game seed: 14036611466628663890 (custom seed)

0 donath the Skirmisher (level 1, -32/16 HPs)
             Began as an Octopode Abyssal Knight on Sept 28, 2021.
             Was a Follower of Lugonu.
             Annihilated by a tentacled starspawn (34 damage)
             ... on level 1 of the Abyss.
             The game lasted 00:00:20 (43 turns).

donath the Skirmisher (Octopode Abyssal Knight)       Turns: 43, Time: 00:00:22

Health: -32/16     AC:  1    Str: 11    XL:     1   Next: 0%
Magic:  2/2        EV: 13    Int: 14    God:    Lugonu [*.....]
Gold:   0          SH:  0    Dex: 11    Spells: 0/0 levels left

rFire    . . .     SeeInvis .   a - +1 spear
rCold    . . .     Faith    .   (no shield)
rNeg     . . .     Spirit   .   (helmet restricted)
rPois    .         Reflect  .   (no amulet)
rElec    .         Harm     .   (no ring)
rCorr    .         Rampage  .   (no ring)
Will     .....                  (no ring)
Stlth    ++........             (no ring)
HPRegen  0.05/turn              (no ring)
MPRegen  0.08/turn              (no ring)
                                (no ring)
                                (no ring)

@: no status effects
A: almost no armour, amphibious, 8 rings, camouflage 1, gelatinous body 1,
(nimble swimmer 1), tentacles
a: Renounce Religion, Depart the Abyss


You were on level 1 of the Abyss.
You worshipped Lugonu.
Lugonu was aware of your devotion.
You visited 0 branches of the dungeon, and saw 0 of its levels.
You visited the Abyss 1 time.

Inventory:

Hand Weapons
 a - a +1 spear (weapon)
Scrolls
 b - a scroll of magic mapping {unknown}
 c - a scroll of brand weapon {unknown}


   Skills:
 + Level 3.0 Fighting
 + Level 2.0 Polearms
 + Level 2.3 Dodging
 + Level 2.0 Invocations


You couldn't memorise any spells.
You didn't know any spells.
Your spell library was empty.

Dungeon Overview and Level Annotations

Branches:
Dungeon (0/15)

Altars:


Innate Abilities, Weirdness & Mutations

You cannot wear most types of armour.
You are amphibious.
You can wear up to eight rings at the same time.
Your skin changes colour to match your surroundings (Stealth+).
Your rubbery body absorbs attacks. (AC +1, EV +1)
((You are camouflaged near water. (Stealth+)))
You have tentacles for arms and can constrict up to eight enemies at once.


Message History

Found 23 arrows and a dagger.
Found a corrupted altar of Lugonu.
Found a gateway leading deeper into the Abyss.
Found a scroll labelled ENAORU MEPNERU.
Found a gateway leading out of the Abyss.
Found a gateway leading deeper into the Abyss.
b - a scroll labelled ENAORU MEPNERU
Found a scroll labelled JOFYPPO PUIJU.
Found 9 gold pieces.
A hellwing comes into view.
A tentacled starspawn comes into view.
Found 7 gold pieces.
You see here a scroll labelled JOFYPPO PUIJU.
c - a scroll labelled JOFYPPO PUIJU Tentacles burst from the starspawn's body! 2 starspawn tentacles come into view.
The starspawn tentacle grabs you. The starspawn tentacle constricts you.
You escape the starspawn tentacle's grasp.
A tentacle flies out from the starspawn's body!
A starspawn tentacle comes into view.
The starspawn tentacle grabs you. The starspawn tentacle constricts you.
The starspawn tentacle's grasp on you weakens, but your attempt to escape fails.
The starspawn tentacle loses its grip on you.
The tentacle pulls you backwards! The starspawn tentacle grabs you.
The starspawn tentacle constricts you.
A starspawn tentacle segment comes into view.
You escape the starspawn tentacle's grasp.
The starspawn tentacle grabs you. The starspawn tentacle constricts you.
The starspawn tentacle's grasp on you weakens, but your attempt to escape fails.
The starspawn tentacle loses its grip on you.
The tentacle pulls you backwards!
The starspawn tentacle completely misses you.
The starspawn tentacle grabs you. The starspawn tentacle constricts you.
* * * LOW HITPOINT WARNING * * *
You hit the tentacled starspawn but do no damage.
The starspawn tentacle loses its grip on you.
You squeeze the tentacled starspawn!
The tentacled starspawn is lightly damaged.
The tentacled starspawn bites you!!
Ouch! That really hurt!
You die...

...##......##........
...##......##......####
....... ..............#
.....................#
... ................#
...................#
...............Λ...#
..............wwX..#
...##...... #...@..#
...##......##......# ..
..................#
...................#
................##.
...........#.#
...........###
............


You could see a tentacled starspawn and 2 starspawn tentacles.

Vanquished Creatures (others)
  A starspawn tentacle (Abyss:1)
1 creature vanquished.

Notes
Turn   | Place    | Note
-------+----------+-------------------------------------------
     0 | Abyss:1  | donath the Octopode Abyssal Knight began the quest for the
                  | Orb.
     0 | Abyss:1  | Reached XP level 1. HP: 16/16 MP: 2/2
    28 | Abyss:1  | Noticed a hellwing
    29 | Abyss:1  | Noticed a tentacled starspawn
    43 | Abyss:1  | Annihilated by a tentacled starspawn

Illustrated notes

Levels and vault maps discovered:
Abyss:1:  base: Temple, guppyfry_abyss_exit_glass_guarded, base:
Temple

Action                   || total
-------------------------++-------
Melee: Spear             ||     1
       Tentacles         ||     1
Dodge: Dodged            ||     1
